 Dungeon Crawl Stone Soup version 0.22-a0-558-gc224181 (webtiles) character file.

688 pmoppi the Cudgeler (level 7, -9/44 HPs)
             Began as a Tengu Fighter on June 27, 2018.
             Was a Follower of Okawaru.
             Mangled by an ogre
             ... wielding a +0 giant spiked club
              (15 damage)
             ... on level 4 of the Dungeon.
             The game lasted 00:05:59 (3831 turns).

pmoppi the Cudgeler (Tengu Fighter)                 Turns: 3831, Time: 00:05:59

Health: -9/44      AC:  8    Str: 18    XL:     7   Next: 63%
Magic:  8/8        EV:  7    Int:  8    God:    Okawaru [*.....]
Gold:   165        SH:  9    Dex: 14    Spells: 6/6 levels left

rFire    . . .     SeeInvis .   a - +0 flail
rCold    . . .     Gourm    .   c - +0 shield
rNeg     . . .     Faith    .   b - +0 scale mail
rPois    .         Spirit   .   (helmet restricted)
rElec    .         Reflect  .   j - +0 cloak
rCorr    .         Harm     .   (no gloves)
MR       .....                  (boots unavailable)
Stlth    ..........             (no amulet)
HPRegen  0.14/turn              (no ring)
MPRegen  0.11/turn              (no ring)

@: no status effects
A: beak, talons 3, able to fly 1
a: Fly, Heroism, Renounce Religion


You were on level 4 of the Dungeon.
You worshipped Okawaru.
Okawaru was aware of your devotion.
You were hungry.

You visited 1 branch of the dungeon, and saw 4 of its levels.

You collected 165 gold pieces.

Inventory:

Hand Weapons
 a - a +0 flail (weapon)
 q - a +0 blowgun
Missiles
 r - 2 curare-tipped needles
Armour
 b - a +0 scale mail (worn)
 c - a +0 shield (worn)
 j - a +0 cloak (worn)
 s - a +0 pair of gloves
Jewellery
 l - an uncursed ring of positive energy {unknown}
 t - an uncursed ring of ice {unknown}
Wands
 k - a wand of disintegration (11)
Scrolls
 g - a scroll of fog {unknown}
 h - 6 scrolls of identify {unknown}
 i - a scroll of amnesia {unknown}
 m - a scroll of immolation {unknown}
 n - 3 scrolls of enchant weapon {unknown}
 o - 2 scrolls of teleportation {unknown}
 p - a scroll of enchant armour {unknown}
 u - a scroll of fear {unknown}
Potions
 d - a potion of might
 e - a potion of agility {unknown}
 v - 2 potions of mutation {unknown}
 w - a potion of curing {unknown}
Comestibles
 f - 6 rations
 x - 3 chunks of flesh


   Skills:
 + Level 5.4 Fighting
 * Level 7.6 Maces & Flails
 - Level 3.2 Armour
 - Level 3.0 Shields


You had 6 spell levels left.
You didn't know any spells.
Your spell library was empty.

Dungeon Overview and Level Annotations

Branches:
Dungeon (4/15)
 Temple: D:4-7

Altars:
Ashenzari
Makhleb
Okawaru

Annotations:
D:2 1 runed door


Innate Abilities, Weirdness & Mutations

You have a beak for a mouth.
You have claws for feet.
You can fly.


Message History

You hit the ogre but do no damage. You peck the ogre.
The ogre is severely wounded.
You barely miss the ogre. You peck the ogre, but do no damage.
The ogre is severely wounded.
You block the ogre's attack.
You barely miss the ogre. Your peck misses the ogre.
The ogre is severely wounded.
You are feeling hungry.
The ogre hits you with a giant spiked club!!
You are too injured to fight recklessly!
You are too injured to fight recklessly!
You are too injured to fight recklessly!
You barely miss the ogre. You claw the ogre. You peck the ogre.
The ogre is almost dead.
The ogre hits you with a giant spiked club!
* * * LOW HITPOINT WARNING * * *
You hit the ogre. Your kick misses the ogre.
The ogre is almost dead.
The ogre hits you with a giant spiked club!
You die...

..... #.## ..### #).#
..# #..## ..# ##..####
### #....... #.......
######.......
######............
#@......###.......
#.....O.##..#..##.......
#########..###..........
##..#+ +#......... #..##
##........ #.##
##..##### #..## ##..##
##..## ##..##
##..###..##


You could see an ogre.

Vanquished Creatures
  2 phantoms (D:4)
  3 ogres (D:4)
  A hound (D:4)
  An iron imp (D:3)
  An orc priest (D:4)
  An iguana (D:4)
  Robin (D:4)
  2 adders (D:4)
  An ooze (D:4)
  An adder skeleton (D:4)
  2 worms (D:2)
  A dart slug (D:1)
  2 leopard geckos
  12 orcs
  2 ball pythons (D:1)
  4 giant cockroaches
  12 goblins
  9 hobgoblins
  7 jackals
  2 quokkas (D:4)
  10 bats
  A frilled lizard (D:1)
  5 kobolds
  5 rats
  A fungus (D:1)
89 creatures vanquished.

Notes
Turn   | Place    | Note
-------+----------+-------------------------------------------
     0 | D:1      | pmoppi the Tengu Fighter began the quest for the Orb.
     0 | D:1      | Reached XP level 1. HP: 14/14 MP: 2/2
   120 | D:1      | Reached XP level 2. HP: 14/19 MP: 3/3
   210 | D:1      | Reached skill level 3 in Maces & Flails
   613 | D:1      | Reached XP level 3. HP: 23/23 MP: 4/4
  1315 | D:2      | Found an iron altar of Okawaru.
  1319 | D:2      | Became a worshipper of Warmaster Okawaru
  1372 | D:2      | Found a runed door.
  1651 | D:3      | Found a shattered altar of Ashenzari.
  1874 | D:3      | Reached skill level 4 in Maces & Flails
  1874 | D:3      | Reached XP level 4. HP: 19/28 MP: 5/5
  2203 | D:3      | Found a burning altar of Makhleb.
  2882 | D:4      | Noticed an ogre
  2886 | D:4      | Killed an ogre
  2886 | D:4      | Reached skill level 5 in Maces & Flails
  2886 | D:4      | Gained mutation: You can fly. [Tengu growth]
  2886 | D:4      | Reached XP level 5. HP: 33/33 MP: 6/6
  2906 | D:4      | Noticed a phantom
  2928 | D:4      | Killed a phantom
  2928 | D:4      | Reached XP level 6. HP: 19/39 MP: 7/7
  3153 | D:4      | Noticed a phantom
  3175 | D:4      | Killed a phantom
  3175 | D:4      | Reached skill level 6 in Maces & Flails
  3222 | D:4      | Reached XP level 7. HP: 19/44 MP: 8/8
  3260 | D:4      | Reached skill level 5 in Fighting
  3406 | D:4      | Reached skill level 7 in Maces & Flails
  3445 | D:4      | Noticed Robin
  3463 | D:4      | Killed Robin
  3463 | D:4      | Reached * piety under Okawaru
  3831 | D:4      | Mangled by an ogre

Vault maps used:
D:1:      dpeg_cavernosity, minmay_misc_feat_chi, minmay_tromino_v7
D:2:      overflow_temple_1_default, uniq_crazy_yiuf_cottage
D:3:      makhleb_grotto_becter, cheibrodos_ashenzari_chains
D:4:      marbit_many_paths, nemelex_diamond_rough_becter, uniq_robin

Skill      XL: |  1  2  3  4  5  6  7 |
---------------+----------------------+-----
Maces & Flails | 3 4 5 6 7 |  7.6
Fighting       | 4 5 |  5.4
Armour         | |  3.2
Shields        | |  3.0

Action                   |  1- 3 |  4- 6 |  7- 9 || total
-------------------------+-------+-------+-------++-------
Melee: Flail             |   107 |    83 |    54 ||   244
       Peck              |    13 |    13 |    14 ||    40
       Kick              |    24 |    26 |    14 ||    64
  Eat: Chunk             |     3 |     4 |     2 ||     9
Armor: Scale mail        |    70 |    26 |    22 ||   118
Dodge: Dodged            |    36 |    25 |    15 ||    76
Block: Shield            |    46 |    30 |    21 ||    97

Table legend:
 A = Spawn XP
 B = Non-spawn XP
 C = Spawn XP percentage of total XP
 D = Spawn monster count
 E = Non-spawn monster count
 F = Spawn count percentage of total count
 G = Total turns spent on level
                    A         B        C        D         E        F      G
               +---------+---------+-------+---------+---------+-------+---------
         Total |       0 |     984 |   0.0 |       0 |      88 |   0.0 |  3831
               +---------+---------+-------+---------+---------+-------+---------
           D:1 |       0 |      46 |   0.0 |       0 |      26 |   0.0 |  1207
           D:2 |       0 |      23 |   0.0 |       0 |      10 |   0.0 |   443
           D:3 |       0 |      68 |   0.0 |       0 |      13 |   0.0 |  1075
           D:4 |       0 |     847 |   0.0 |       0 |      39 |   0.0 |  1106
               +---------+---------+-------+---------+---------+-------+---------
